 Dungeon Crawl Stone Soup version 0.17.1-2-g5865329 (webtiles) character file.

79 Grim the Vandal (level 4, -2/29 HPs)
             Began as a Halfling Hunter on Jan 27, 2016.
             Slain by a quokka (3 damage)
             ... on level 1 of the Dungeon.
             The game lasted 00:04:28 (2105 turns).

Grim the Vandal (Halfling Hunter)                   Turns: 2105, Time: 00:04:28

Health: -2/29      AC:  3    Str: 12    XL:     4   Next: 64%
Magic:  4/4        EV: 14    Int: 10    God:
Gold:   91         SH:  0    Dex: 15    Spells: 0 memorised, 3 levels left

rFire  . . .     SeeInvis .     b - +0 short sword
rCold  . . .     Clarity  .     c - +0 leather armour
rNeg   . . .     SustAt   .     (shield restricted)
rPois  .         Gourm    .     (no helmet)
rElec  .         Spirit   .     (no cloak)
rCorr  .         Warding  .     (no gloves)
rMut   .         Stasis   .     (no boots)
MR     .....                    (no amulet)
Stlth  ++........               (no ring)
                                (no ring)

@: not resistant to hostile enchantments, unstealthy
A: mutation resistance 1
a: no special abilities


You were on level 1 of the Dungeon.
You were not hungry.

You visited 1 branch of the dungeon, and saw 2 of its levels.

You collected 91 gold pieces.

Inventory:

Hand Weapons
 a - a +1 hunting sling
 b - a +0 short sword (weapon)
Missiles
 f - 86 stones (quivered)
Armour
 c - a +0 leather armour (worn)
 h - a +0 buckler
Jewellery
 q - a +3 ring of evasion {unknown}
Scrolls
 i - a scroll of magic mapping
 k - a scroll of amnesia {unknown}
 o - a scroll of fog {unknown}
 r - a scroll of identify {unknown}
Potions
 g - a potion of mutation {unknown}
 j - a potion of degeneration {unknown}
 m - a potion of ambrosia
 n - a potion of flight {unknown}
 p - a potion of lignification {unknown}
Comestibles
 d - a chunk of flesh
 e - a bread ration
 l - 2 meat rations


   Skills:
 - Level 1.7 Fighting
 + Level 3.3 Short Blades
 + Level 7.2 Slings
 - Level 2.1 Dodging
 - Level 1.1 Stealth


You had 3 spell levels left.
You didn't know any spells.

Dungeon Overview and Level Annotations

Branches:
Dungeon (2/15)

Altars:


Innate Abilities, Weirdness & Mutations

You are small and have problems with some larger weapons.
You are somewhat resistant to further mutation.


Message History

The quokka is severely wounded.
The quokka closely misses you. The kobold hits you.
The quokka barely misses you.
You closely miss the quokka.
The quokka is severely wounded.
The quokka barely misses you. The kobold barely misses you.
The quokka bites you.
* * * LOW HITPOINT WARNING * * *
The kobold barely misses you.
You climb upwards.
There is a stone staircase leading down here.
Things that are here:
a short sword; a kobold corpse The worm bites you.
* * * LOW HITPOINT WARNING * * *
The kobold misses you. The worm bites you!
* * * LOW HITPOINT WARNING * * *
The quokka bites you.
You die...

#####..##
#...............†..... ≈≈#
###.##
##..##.......######### ..#
##.# ##.##.#####.# ### #.#
#..#)# ###)#### ## #####.##
#..#.# #...#..# .###..§##.#
#....# #.#.#..# ..##..≈≈#.#
##...# #.#....# ..##..§≈#.#
#...# #....#.# ..8†..§§+.#
#.@.# ###..#.# ..'#..§§#.#
##r.#####..#.#
..##..≈≈#.######.w#......#.#
.###..≈##.#.....K>#.####.#.#
## ######.#.......#.#
#†#.###### ###
#.##.......#.# #.#.......
..# ##.##.......#.#
#.######## §≈#
###.###.......#.# #.# #
#####..## #.......#.# #.# #


You could see a worm, a quokka and a kobold.

Vanquished Creatures
  4 adders
  An ooze (D:2)
  A worm (D:2)
  2 giant geckos (D:1)
  A ball python (D:2)
  5 goblins
  6 hobgoblins
  4 jackals (D:1)
  A kobold (D:1)
  2 bats (D:1)
  2 giant newts (D:1)
  5 rats
34 creatures vanquished.

Notes
Turn   | Place    | Note
--------------------------------------------------------------
     0 | D:1      | Grim the Halfling Hunter began the quest for the Orb.
     0 | D:1      | Reached XP level 1. HP: 14/14 MP: 1/1
    64 | D:1      | Reached skill level 1 in Short Blades
    64 | D:1      | Reached skill level 6 in Slings
   167 | D:1      | Reached XP level 2. HP: 17/19 MP: 2/2
   776 | D:1      | Reached XP level 3. HP: 20/24 MP: 3/3
  1288 | D:1      | Reached XP level 4. HP: 8/29 MP: 4/4
  1578 | D:1      | Reached skill level 7 in Slings
  2104 | D:1      | HP: 1/29 [worm (9)]
  2105 | D:1      | Slain by a quokka

Action                   |  1- 3 |  4- 6 || total
-------------------------+-------+-------++-------
Melee: Short sword       |    66 |    41 ||   107
 Fire: Hunting sling     |    57 |       ||    57
  Use: Scroll            |       |     1 ||     1
       Potion            |       |     1 ||     1
  Eat: Meat ration       |       |     1 ||     1
